 Dungeon Crawl Stone Soup version 0.28-a0-1616-g050a50673c (webtiles) character file.

Game seed: 6797382134542771939

317 grumblor the Chopper (level 6, -3/32 HPs)
             Began as a Vine Stalker Fighter on Jan 23, 2022.
             Slain by an ogre (23 damage)
             ... on level 4 of the Dungeon.
             The game lasted 00:04:03 (3340 turns).

grumblor the Chopper (Vine Stalker Fighter)         Turns: 3340, Time: 00:04:04

Health: -3/32      AC:  9    Str: 20    XL:     6   Next: 44%
Magic:  0/7        EV: 12    Int:  8    God:
Gold:   62         SH:  6    Dex: 14    Spells: 5/5 levels left

rFire   . . .      SeeInvis .   a - +0 war axe
rCold   . . .      Faith    .   c - +1 buckler
rNeg    . . .      Spirit   +   e - +0 chain mail
rPois   .          Reflect  .   (no helmet)
rElec   .          Harm     .   (no cloak)
rCorr   .          Rampage  .   (no gloves)
Will    +....                   (no boots)
Stlth   ..........              (no amulet)
HPRegen 0.90/turn               f - ring of willpower
MPRegen 0.10/turn               g - +4 ring of evasion

@: no status effects
A: fangs 2, regeneration 1, magic shield, antimagic bite, no potion heal 2
a: no special abilities


You were on level 4 of the Dungeon.
You visited 1 branch of the dungeon, and saw 4 of its levels.

You collected 62 gold pieces.

Inventory:

Hand Weapons
 a - a +0 war axe (weapon)
Armour
 c - a +1 buckler (worn)
 e - a +0 chain mail (worn)
Jewellery
 f - a ring of willpower (left hand)
 g - a +4 ring of evasion (right hand)
Potions
 b - a potion of lignification
 d - a potion of might
 h - a potion of haste {unknown}
 i - a potion of attraction {unknown}
 j - a potion of heal wounds {unknown}
 k - a potion of curing


   Skills:
 + Level 3.4 Fighting
 + Level 3.7 Axes
 + Level 3.3 Armour
 * Level 2.0 Dodging
 + Level 3.4 Shields


You had 5 spell levels left.
You didn't know any spells.
Your spell library was empty.

Dungeon Overview and Level Annotations

Branches:
Dungeon (4/15)
 Temple: D:4-7

Altars:
Cheibriados
Gozag
Hepliaklqana
Kikubaaqudgha
Nemelex Xobeh
Xom

Shops:
D:2 (   D:3 :


Innate Abilities, Weirdness & Mutations

You have extremely sharp teeth.
Your natural rate of healing is unusually fast.
When hurt, damage is shared between your health and your magic reserves.
Your bite disrupts and absorbs the magic of your enemies.
Potions cannot restore your health.


Message History

You hit the gnoll.
You kill the gnoll!
You block the gnoll's attack. x2
Unknown command.
The gnoll closely misses you. The gnoll hits you with a +0 spear.
Things that are here:
a +0 whip; a +0 leather armour; a gnoll corpse You slash the gnoll!
You bite the gnoll.
You kill the gnoll!
Unknown command.
No target in view!
Unknown command.
No target in view!
No target in view!
Magic restored.
HP restored.
You see here a +0 spear.
Things that are here:
a +0 club; a goblin corpse A gnoll comes into view.
It is wielding a +0 spear.
The gnoll shouts!
You hear a shout!
A gnoll comes into view. It is wielding a +0 spear of flaming.
An ogre and a gnoll come into view.
The ogre shouts!
The gnoll shouts! x2
Found a stone staircase leading down.
The gnoll hits you but does no damage.
Found a potion of might.
The gnoll hits you from afar with a +0 spear of flaming.
The gnoll burns you. You block the gnoll's attack.
You closely miss the gnoll.
The gnoll hits you but does no damage. x2
You barely miss the ogre. You bite the ogre. You drain its power.
The ogre is lightly wounded.
You barely miss the gnoll. You block the ogre's attack.
The gnoll hits you but does no damage. x2; You block the gnoll's attack. x2
Unknown command.
You slash the ogre! You bite the ogre! You drain its power.
The ogre is severely wounded.
The ogre hits you with a +0 giant spiked club!
The ogre hits you with a +0 giant spiked club!!
Ouch! That really hurt!
You die...

.....<#
#.#)........####
.....##
#.†..###)......#
#..÷##
####(...........
###.#
#....##.###..
#.# #...## # #.#
###.## #.# .
#..## #.#
!>..######..#
#.#
......gO@..##
#.# ......g#####
....##. ... ## #


You could see an ogre and 2 gnolls.

Vanquished Creatures
  A gnoll shaman (D:4)
  A hound (D:4)
  3 orc wizards (D:3)
  4 gnolls
  7 adders
  A dart slug (D:3)
  5 orcs (D:3)
  9 bats
  11 endoplasms
  A giant cockroach (D:3)
  8 hobgoblins
  3 jackals (D:1)
  A quokka (D:3)
  3 ball pythons
  2 frilled lizards
  10 goblins
  3 kobolds
  8 rats
81 creatures vanquished.

Notes
Turn   | Place    | Note
-------+----------+-------------------------------------------
     0 | D:1      | grumblor the Vine Stalker Fighter began the quest for the
                  | Orb.
     0 | D:1      | Reached XP level 1. HP: 11/11 MP: 2/2
   445 | D:1      | Reached XP level 2. HP: 12/16 MP: 3/3
   887 | D:1      | Reached XP level 3. HP: 16/19 MP: 2/4
  1794 | D:2      | Gained mutation: Your natural rate of healing is unusually
                  | fast. [Vine Stalker growth]
  1794 | D:2      | Reached XP level 4. HP: 22/24 MP: 5/5
  1854 | D:2      | Reached skill level 1 in Dodging
  1871 | D:2      | Found Pane's Weapon Emporium.
  2269 | D:3      | Found an ancient bone altar of Kikubaaqudgha.
  2271 | D:3      | Found a snail-covered altar of Cheibriados.
  2289 | D:3      | Found an opulent altar of Gozag.
  2443 | D:3      | Reached XP level 5. HP: 22/28 MP: 6/6
  2466 | D:3      | Found a hazy altar of Hepliaklqana.
  2573 | D:3      | Found a faded altar of an unknown god.
  2617 | D:3      | Found a shimmering altar of Xom.
  2755 | D:3      | Found Roczehef's Book Boutique.
  3039 | D:3      | Found a sparkling altar of Nemelex Xobeh.
  3086 | D:4      | Reached XP level 6. HP: 32/32 MP: 7/7
  3340 | D:4      | Slain by an ogre

Illustrated notes

Levels and vault maps discovered:
D:1:      dpeg_arrival_oval, layout_loops_ring
D:2:      layout_basic, serial_shops, nicolae_shop_bloodbath_and_beyond,
          minmay_misc_feat_roman
D:3:      layout_basic, worldfamousw_hep_ancestral_shrine,
          grunt_temple_overflow_open, nemelex_dance_club_becter,
          mainiacjoe_overflow_alcove_2, serial_shops,
          nicolae_shop_competitors_out_of_business, shapermc_ecumenical_altar_gd
D:4:      layout_rooms, bloody_makhleb, minmay_temple_entry_overgrown,
          corexii_hall_statues_i, minmay_snake_closets, uniq_crazy_yiuf_cottage,
          uniq_edmund, uniq_ijyb

Skill      XL: |  1  2  3  4  5  6 |
---------------+-------------------+-----
Axes           | 2 3 |  3.7
Fighting       | 3 |  3.4
Shields        | 3 |  3.4
Dodging        | 1 2 |  2.0
Armour         | 3 |  3.3

Action                   |  1- 3 |  4- 6 || total
-------------------------+-------+-------++-------
Melee: War axe           |    86 |   125 ||   211
       Bite              |    17 |    32 ||    49
  Use: Scroll            |     2 |     3 ||     5
       Potion            |     1 |       ||     1
Armor: Scale mail        |    44 |       ||    44
       Chain mail        |       |    72 ||    72
Dodge: Dodged            |    47 |    83 ||   130
Block: Buckler           |    27 |    71 ||    98

Table legend: (Time is in decaauts)
 A = Elapsed time spent in this place.
 B = Non-inter-level travel time spent in this place.
 C = Inter-level travel time spent in this place.
 D = Time resting spent in this place.
 E = Time spent auto-exploring this place.
 F = Levels seen in this place.
 G = Mean time per level.
                   A        B        C        D        E       F      G
               +--------+--------+--------+--------+--------+-----+--------+
         Total |   3426 |   3358 |     68 |    434 |   2317 |   4 |  856.5 |
       Dungeon |   3426 |   3358 |     68 |    434 |   2317 |   4 |  856.5 |
               +--------+--------+--------+--------+--------+-----+--------+

Top non-repeatable levels by time:
     D:1: 1442 daAuts
     D:3: 1040 daAuts
     D:2: 819 daAuts
     D:4: 123 daAuts
